 Dungeon Crawl Stone Soup version 0.17-a0-1450-g7e755d1 (webtiles) character file.

728 HEYYEYAAE the Gusty (level 8, -9/57 HPs)
             Began as a Human Air Elementalist on June 30, 2015.
             Mangled by an ice beast (14 damage)
             ... on level 5 of the Dungeon.
             The game lasted 00:08:02 (2867 turns).

HEYYEYAAE the Gusty (Human Air Elementalist)        Turns: 2867, Time: 00:08:02

Health: -9/57      AC:  5    Str: 14    XL:     8   Next: 3%
Magic:  2/15       EV: 12    Int: 22    God:
Gold:   173        SH:  0    Dex: 14    Spells: 1 memorised, 15 levels left

rFire  + . .     SeeInvis .     e - +0 dagger (venom)
rCold  . . .     Clarity  .     z - +0 ring mail {rF+}
rNeg   + . .     SustAt   .     (no shield)
rPois  .         Gourm    .     (no helmet)
rElec  .         Spirit   .     (no cloak)
rCorr  .         Warding  +     (no gloves)
rMut   .         Stasis   .     (no boots)
MR     .....                    u - amulet of warding
Stlth  +.........               (no ring)
                                p - +3 ring of slaying

@: mighty, brilliant, very slightly contaminated, drained, not resistant to
hostile enchantments, very unstealthy
A: no striking features
a: no special abilities


You were on level 5 of the Dungeon.
You were not hungry.

You visited 1 branch of the dungeon, and saw 5 of its levels.

You collected 173 gold pieces.

Inventory:

Hand weapons
 e - a +0 dagger of venom (weapon)
 t - a +4 whip
 y - a +2 flail of draining
Armour
 a - a +0 robe
 z - a +0 ring mail of fire resistance (worn)
Jewellery
 f - an uncursed ring of fire
 p - a +3 ring of slaying (left hand)
 r - an uncursed amulet of rage
 u - an amulet of warding (around neck)
Magical devices
 j - a wand of confusion (29)
 w - a wand of frost (10)
Scrolls
 d - a scroll of noise {unknown}
 h - a scroll of enchant armour {unknown}
 i - 2 scrolls of magic mapping {unknown}
 l - a scroll of fear {unknown}
 n - a scroll of remove curse {unknown}
 q - 4 scrolls of identify {unknown}
 s - 3 scrolls of enchant weapon {unknown}
 v - a scroll of fog {unknown}
Potions
 x - a potion of cancellation {unknown}
Books
 b - a book of Air

   Spells                             Type                      Level
   a - Shock                          Conjuration/Air              1
   b - Swiftness                      Charms/Air                   2
   c - Repel Missiles                 Charms/Air                   2
   d - Static Discharge               Conjuration/Air              3
   e - Lightning Bolt                 Conjuration/Air              5
Comestibles
 c - 4 bread rations
 g - 2 meat rations
 o - 2 beef jerkies


   Skills:
 + Level 2.4(2.3) Fighting
 + Level 2.8(2.7) Armour
 + Level 3.5(3.4) Dodging
 - Level 2.0(1.9) Stealth
 * Level 4.6(4.5) Spellcasting
 - Level 1.0(0.9) Conjurations
 * Level 5.2(5.1) Air Magic


You had 15 spell levels left.
You knew the following spells:

 Your Spells              Type           Power        Failure   Level  Hunger
a - Shock                 Conj/Air       ####         1%          1    None


Dungeon Overview and Level Annotations

Branches:
Dungeon (5/15)
 Temple: D:4-7

Altars:
Dithmenos
Fedhas
Ru

Annotations:
D:3 HEYYEYAAE's ghost, average HuAE


Message History

The ice beast hits you.
* * * LOW HITPOINT WARNING * * *
The ice beast freezes you.
* * * LOW HITPOINT WARNING * * *
Unknown command.
Drink which item? (? for menu, Esc to quit)
Okay, then.
Evoke which item? (* to show all) (? for menu, Esc to quit)
Okay, then.
Drink which item? (? for menu, Esc to quit)
It was a potion of brilliance.
You feel clever all of a sudden. The ice beast closely misses you.
Drink which item? (? for menu, Esc to quit)
It was a potion of might.
You feel very mighty all of a sudden. The ice beast hits you.
* * * LOW HITPOINT WARNING * * *
The ice beast freezes you!
You die...

......#######
.............
.............
.)...........
......########
......#......# .
..(†..#......# ...
......#......######.....
................@Yo....)
......#############...##
...#### .# ####


You could see an ice beast and an orc priest.

Vanquished Creatures
  Edmund (D:5)
  An ogre (D:4)
  3 scorpions
  A centaur zombie (D:4)
  A hound (D:4)
  Jessica (D:2)
  Natasha (twice) (D:4)
  3 orc wizards
  4 adders
  4 gnolls (D:5)
  2 oozes
  3 worms
  3 giant geckos
  10 orcs
  7 bats
  5 hobgoblins
  14 kobolds
  2 quokkas
  A ball python (D:1)
  7 giant cockroaches
  5 giant newts
  11 goblins
  12 rats
103 creatures vanquished.

Notes
Turn   | Place    | Note
--------------------------------------------------------------
     0 | D:1      | HEYYEYAAE the Human Air Elementalist began the quest for the Orb.
     0 | D:1      | Reached XP level 1. HP: 13/13 MP: 3/3
   153 | D:1      | Reached XP level 2. HP: 16/19 MP: 5/5
   404 | D:1      | Reached XP level 3. HP: 22/24 MP: 6/6
   581 | D:1      | You fall through a shaft!
   592 | D:2      | Reached skill level 1 in Armour
   752 | D:2      | Noticed Natasha
   763 | D:2      | Noticed Jessica
   980 | D:2      | Found a blossoming altar of Fedhas.
  1005 | D:2      | Killed Jessica
  1005 | D:2      | Reached XP level 4. HP: 11/31 MP: 3/8
  1214 | D:3      | Reached XP level 5. HP: 18/36 MP: 9/9
  1508 | D:3      | Reached skill level 1 in Fighting
  1518 | D:3      | Reached skill level 4 in Air Magic
  1551 | D:3      | Noticed HEYYEYAAE's ghost (average HuAE)
  1581 | D:3      | Found a sacrificial altar of Ru.
  1796 | D:4      | Reached XP level 6. HP: 31/43 MP: 9/11
  2225 | D:4      | Found a shadowy altar of Dithmenos.
  2239 | D:4      | Killed Natasha
  2240 | D:4      | Reached XP level 7. HP: 25/49 MP: 1/13
  2521 | D:4      | Noticed Natasha
  2532 | D:4      | Killed Natasha
  2622 | D:5      | Entered Level 5 of the Dungeon
  2645 | D:5      | Reached skill level 5 in Air Magic
  2769 | D:5      | Noticed Edmund
  2787 | D:5      | Killed Edmund
  2864 | D:5      | Reached XP level 8. HP: 29/57 MP: 3/15
  2867 | D:5      | Mangled by an ice beast

Vault maps used:
D:1:      minmay_arrival_widening_spiral_wide
D:2:      old_standard_altar, uniq_natasha, uniq_jessica
D:3:      nicolae_ru_great_annihilating_truth, first_bread
D:4:      nicolae_dithmenos_through_a_glass_darkly
D:5:      kennysheep_kobold_camp, corexii_corridor_pit, minmay_small_thing,
          uniq_crazy_yiuf_cottage, uniq_edmund

Action                   |  1- 3 |  4- 6 |  7- 9 || total
-------------------------+-------+-------+-------++-------
Melee: Dagger            |    98 |    97 |    22 ||   217
       Unarmed           |     2 |       |       ||     2
 Cast: Shock             |    19 |    47 |    51 ||   117
  Use: Potion            |     2 |     2 |     2 ||     6
 Stab: Sleeping          |     7 |     5 |     1 ||    13
  Eat: Chunk             |       |     4 |     3 ||     7
